 Dungeon Crawl Stone Soup version 0.27-a0-492-ga4bb394fd4 (webtiles) character file.

Game seed: 9305843935566519822

12 Gaff the Sneak (level 2, 0/18 HPs)
             Began as a Kobold Brigand on Mar 2, 2021.
             Killed from afar by a dart slug (6 damage)
             ... with a slug dart
             ... on level 1 of the Dungeon.
             The game lasted 00:00:44 (343 turns).

Gaff the Sneak (Kobold Brigand)                      Turns: 343, Time: 00:00:45

Health: 0/18       AC:  5    Str:  8    XL:     2   Next: 45%
Magic:  2/2        EV: 14    Int: 12    God:
Gold:   23         SH:  0    Dex: 16    Spells: 1/1 levels left

rFire    . . .     SeeInvis .   a - +2 dagger
rCold    . . .     Faith    .   (shield restricted)
rNeg     . . .     Spirit   .   b - +0 robe
rPois    .         Reflect  .   (no helmet)
rElec    .         Harm     .   c - +0 cloak
rCorr    .         Rampage  .   j - +0 pair of gloves
Will     .....                  f - +0 pair of boots
Stlth    ++++......             (no amulet)
HPRegen  0.06/turn              (no ring)
MPRegen  0.08/turn              (no ring)

@: no status effects
A: small, nightstalker 3
a: no special abilities


You were on level 1 of the Dungeon.
You visited 1 branch of the dungeon, and saw 1 of its levels.

You collected 23 gold pieces.

Inventory:

Hand Weapons
 a - a +2 dagger (weapon)
Missiles
 d - 8 poisoned darts (quivered)
 e - 2 curare-tipped darts
Armour
 b - a +0 robe (worn)
 c - a +0 cloak (worn)
 f - a +0 pair of boots (worn)
 j - a +0 pair of gloves (worn)
Scrolls
 g - 2 scrolls of blinking {unknown}
 i - a scroll of fog {unknown}
Potions
 h - a potion of invisibility {unknown}


   Skills:
 + Level 2.3 Fighting
 + Level 2.7 Short Blades
 + Level 2.4 Throwing
 * Level 1.6 Dodging
 + Level 5.7 Stealth


You had one spell level left.
You didn't know any spells.
Your spell library was empty.

Dungeon Overview and Level Annotations

Branches:
Dungeon (1/15)

Altars:


Innate Abilities, Weirdness & Mutations

You are small and have problems with some larger weapons.
You are completely attuned to the shadows.


Message History

The hobgoblin shouts!
You hit the hobgoblin but do no damage. You hit the hobgoblin.
The hobgoblin is severely wounded.
The hobgoblin barely misses you.
You closely miss the hobgoblin.
The hobgoblin is severely wounded.
The hobgoblin closely misses you.
You closely miss the hobgoblin.
The hobgoblin is severely wounded.
The hobgoblin hits you with a +0 club.
You hit the hobgoblin.
The hobgoblin is almost dead.
You closely miss the hobgoblin.
The hobgoblin is almost dead.
The hobgoblin hits you with a +0 club.
You hit the hobgoblin but do no damage.
The hobgoblin is almost dead.
The hobgoblin hits you with a +0 club.
You hit the hobgoblin.
You kill the hobgoblin!
You see here a +0 club.
A dart slug comes into view.
You see here a +0 club.
The dart slug bites you.
You hit the dart slug.
The dart slug is lightly wounded.
You completely miss the dart slug.
The dart slug is lightly wounded.
You hit the dart slug.
The dart slug is moderately wounded.
The dart slug launches a dart at you. The slug dart hits you.
You hit the dart slug.
The dart slug is moderately wounded.
You hit the dart slug.
The dart slug is severely wounded.
The dart slug launches a dart at you. The slug dart hits you.
You die...

#.#....# #.#
##.##)..# ..#
.....#..#
##.#.#..#
........# ...
###+#.##+###+#...
...†............
##............#
...........)@w#
.....####..#+##
.....# ##.#
#..... #.....
#..... #.....


You could see a dart slug.

Vanquished Creatures
  A leopard gecko (D:1)
  3 bats (D:1)
  A giant cockroach (D:1)
  A goblin (D:1)
  2 hobgoblins (D:1)
  A kobold (D:1)
  A rat (D:1)
10 creatures vanquished.

Notes
Turn   | Place    | Note
-------+----------+-------------------------------------------
     0 | D:1      | Gaff the Kobold Brigand began the quest for the Orb.
     0 | D:1      | Reached XP level 1. HP: 12/12 MP: 1/1
   298 | D:1      | Reached XP level 2. HP: 18/18 MP: 2/2
   343 | D:1      | Killed from afar by a dart slug

Illustrated notes

Levels and vault maps discovered:
D:1:      amcnicky_arrival_feature_with_door, layout_basic

Action                   || total
-------------------------++-------
Melee: Dagger            ||    29
 Stab: Sleeping          ||     6
Armor: Robe              ||     1
Dodge: Dodged            ||     6

Table legend: (Time is in decaauts)
 A = Elapsed time spent in this place.
 B = Non-inter-level travel time spent in this place.
 C = Inter-level travel time spent in this place.
 D = Time resting spent in this place.
 E = Time spent auto-exploring this place.
 F = Levels seen in this place.
 G = Mean time per level.
                   A        B        C        D        E       F      G
               +--------+--------+--------+--------+--------+-----+--------+
         Total |    339 |    339 |      0 |      0 |    246 |   1 |  339.0 |
       Dungeon |    339 |    339 |      0 |      0 |    246 |   1 |  339.0 |
               +--------+--------+--------+--------+--------+-----+--------+

Top non-repeatable levels by time:
     D:1: 339 daAuts
